 Dungeon Crawl Stone Soup version 0.31.0-11-ge490571c62 (webtiles) character file.

Game seed: 12960030232533644873

9 qw the Shooter (level 2, -2/14 HPs)
             Began as a Spriggan Hunter on Feb 3, 2024.
             Slain by Terence
             ... wielding a +0 trident
              (8 damage)
             ... on level 2 of the Dungeon.
             The game lasted 00:00:01 (859 turns).

qw the Shooter (Spriggan Hunter)                     Turns: 859, Time: 00:00:02

Health: -2/14      AC:  3    Str:  7    XL:     2   Next: 3%
Magic:  3/3        EV: 18    Int: 10    God:
Gold:   63         SH:  0    Dex: 18    Spells: 1/1 levels left

rFire   . . .        a - +0 shortbow
rCold   . . .        (shield currently unavailable)
rNeg    . . .        c - +0 robe
rPois   .            (helmet restricted)
rElec   .            d - +0 cloak
rCorr   .            (gloves unavailable)
SInv    +            (boots unavailable)
Will    .....        (no amulet)
Stlth   ++           (no ring)
HPRegen 0.22/turn    (no ring)
MPRegen 0.08/turn

%: no passive effects
@: very quick
A: very small, no large weapons, unfitting armour, see invisible, speed 3
a: no special abilities


You were on level 2 of the Dungeon.
You visited 1 branch of the dungeon, and saw 2 of its levels.

You collected 63 gold pieces.


Innate Abilities, Weirdness & Mutations

You are very small and have problems with some larger weapons.
You are too small for most types of armour.
You have supernaturally acute eyesight. (SInv)
You cover ground extremely quickly. (Speed+++)


   Skills:
 - Level 1.5 Fighting
 - Level 4.0 Ranged Weapons
 + Level 3.8 Dodging
 - Level 1.5 Stealth


You had one spell level left.
You didn't know any spells.
Your spell library was empty.

Inventory:

Hand Weapons
 a - a +0 shortbow (weapon)
Armour
 c - a +0 robe (worn)
 d - a +0 cloak (worn)
Scrolls
 b - 2 scrolls of poison {unknown}
Potions
 e - a potion of enlightenment {unknown}

Dungeon Overview and Level Annotations

Branches:
Dungeon (2/15)

Altars:

Annotations:
D:2 Terence


Message History

You shoot an arrow. The arrow hits Terence.
Terence is moderately wounded.
You shoot an arrow. The arrow barely misses Terence.
Terence zaps a wand.
The puff of flame misses you.
You shoot an arrow.
The arrow hits Terence but does no damage.
Terence is moderately wounded.
Terence closely misses you. Terence barely misses you.
You shoot an arrow.
The arrow hits Terence but does no damage.
Terence is moderately wounded.
Terence zaps a wand.
The puff of flame misses you.
You shoot an arrow. The arrow barely misses Terence.
Terence barely misses you.
You shoot an arrow.
The arrow hits Terence but does no damage.
Terence is lightly wounded.
Terence completely misses you.
You shoot an arrow. The arrow hits Terence!
Terence is heavily wounded.
Terence zaps a wand.
The puff of flame misses you.
You shoot an arrow.
The arrow hits Terence but does no damage.
Terence is heavily wounded.
Terence hits you from afar with a +0 trident.
Terence zaps a wand.
The puff of flame hits you.
You shoot an arrow.
The arrow hits Terence but does no damage.
Terence is heavily wounded.
Terence barely misses you.
You shoot an arrow.
The arrow hits Terence but does no damage.
Terence is heavily wounded.
Terence closely misses you.
You shoot an arrow. The arrow hits Terence.
Terence is severely wounded.
Terence hits you from afar with a +0 trident!
Ouch! That really hurt!
You die...
Terence says, "Time to find some more victims."

#..# #..# #. #.##
#. #.# #.# #
#.######.#
#.#.#...##.#.# ##
#............. ..
###.#....#.###.####
##.##..###@.@.....
#...[...#..#..!...
#...####.#.# ..##.
#...# #.#[# ##
#...# #.#.# #....
..#.# #. ###.# #.#
#.#


You could see Terence.

Vanquished Creatures
  4 endoplasms (D:1)
  A goblin (D:1)
  A bat (D:1)
  A frilled lizard (D:1)
  A rat (D:1)
8 creatures vanquished.

Notes
Turn   | Place    | Note
-------+----------+-------------------------------------------
     0 | D:1      | qw the Spriggan Hunter began the quest for the Orb.
     0 | D:1      | Reached XP level 1. HP: 10/10 MP: 2/2
     0 | D:1      | 0 ||| qw: Version: 0.3-a-157-g843a77d
     0 | D:1      | 0 ||| qw: Game counter: 3880
     0 | D:1      | 0 ||| qw: Melee chars always use a shield: true
     0 | D:1      | 0 ||| qw: God list: Okawaru
     0 | D:1      | 0 ||| qw: Allow faded altars: false
     0 | D:1      | 0 ||| qw: Do Orc after clearing Dungeon:15 true
     0 | D:1      | 0 ||| qw: Do second Lair branch before Depths: true
     0 | D:1      | 0 ||| qw: Lair rune preference: random
     0 | D:1      | 0 ||| qw: Goals: Normal
     0 | D:1      | 0 ||| PLANNING D:1-11
   128 | D:1      | Reached skill level 3 in Dodging
   296 | D:1      | Reached XP level 2. HP: 14/14 MP: 3/3
   680 | D:1      | 680 ||| UPGRADING to +0 cloak.
   685 | D:1      | 685 ||| READING scroll labelled ESOICEGAA ADOQO.
   686 | D:1      | 686 ||| READING scroll labelled ISESHI XOONUO.
   787 | D:1      | 787 ||| READING scroll labelled VAWOIJE UFFEMM.
   788 | D:1      | 788 ||| READING scroll labelled TOSEGU FEIN.
   789 | D:1      | 789 ||| READING scroll labelled TAWOET GOCIAX.
   794 | D:1      | 794 ||| READING scroll labelled CUHUNA OWKYPY.
   795 | D:1      | 795 ||| DROPPING scroll of butterflies.
   848 | D:2      | Noticed Terence
   859 | D:2      | Slain by Terence

Levels and vault maps discovered:
D:1:      tarquinn_simple_flora_water_f, layout_basic
D:2:      layout_loops_ring, serial_shops, shop, uniq_jessica, uniq_terence,
          uniq_natasha

Skill      XL: |  1 |
---------------+----+-----
Dodging        | 3 |  3.8
Fighting       | |  1.5
Ranged Weapons | |  4.0
Stealth        | |  1.5

Action                     || total
---------------------------++-------
   Fire: Shortbow          ||    28
    Use: Scroll            ||     6
 Armour: Robe              ||     3
  Dodge: Dodged            ||    10

Table legend:
 A = Non-vault XP
 B = Vault XP
 C = Vault XP percentage of total XP
 D = Non-vault monster count
 E = Vault monster count
 F = Vault count percentage of total count
                 A         B        C        D         E       F
            +---------+---------+-------+---------+---------+-------
      Total |      13 |       0 |   0.0 |       8 |       0 |   0.0
            +---------+---------+-------+---------+---------+-------
        D:1 |      13 |       0 |   0.0 |       8 |       0 |   0.0
            +---------+---------+-------+---------+---------+-------
